Map: Solaris LE

Players

llllllllllll

  • Race: Terran Terran
  • League: Master
  • Spawn Location: 7:00

DojoGamer - Winner!

  • Race: Protoss Protoss
  • League: Master
  • Spawn Location: 1:00

VOD

Have the link to the VOD?

Description

Time

  • Played on: Jan. 23, 2024, 12:44 p.m.
  • Length: 16:14
Show
View Real Time Build Order
Export as new Build Order

llllllllllll Terran 

Build Orders:  

Get SALT Encoding   

  12  0:00  SCV  
  13  0:12  SCV  
  14  0:17  Supply Depot  
  14  0:24  SCV  
  15  0:39  SCV  
  15  0:40  Barracks  
  16  0:48  Supply Depot  
  16  0:51  SCV  
  17  1:03  SCV  
  18  1:16  SCV  
  19  1:29  Orbital Command  
  19  1:30  Marine  
  20  1:41  Command Center  
  20  1:48  Marine  
  21  1:55  Barracks  
  21  1:57  SCV  
  22  2:06  Barracks  
  22  2:08  Marine  
  22  2:11  SCV  
  24  2:23  SCV, Refinery  
  24  2:24  Refinery  
  24  2:27  Marine  
  26  2:35  Supply Depot, SCV  
  27  2:42  Marine  
  28  2:47  SCV  
  28  2:50  Marine  
  30  2:53  Barracks Tech Lab  
  30  2:54  Orbital Command  
  30  2:59  SCV  
  30  3:00  Marine  
  32  3:09  Marine  
  32  3:11  SCV  
  32  3:12  Orbital Command, Stimpack  
  34  3:13  Marine  
  35  3:23  SCV  
  35  3:24  Barracks Tech Lab  
  35  3:26  Marine  
  37  3:35  SCV, Marauder  
  37  3:37  Bunker  
  40  3:48  SCV  
  41  3:49  Marine  
  41  3:50  Marauder  
  44  3:56  SCV  
  44  4:00  SCV  
  44  4:01  Refinery  
  44  4:02  Factory  
  46  4:08  SCV  
  47  4:11  Marauder, Marine  
  47  4:12  SCV  
  47  4:15  Combat Shield  
  47  4:16  Marauder  
  53  4:21  SCV  
  53  4:22  Supply Depot  
  54  4:34  Refinery  
  54  4:41  Supply Depot x2  
  54  4:44  Marauder x2, SCV x2, Marine  
  61  4:46  Starport  
  61  4:47  Factory Reactor  
  61  4:56  SCV  
  61  4:57  SCV  
  62  5:02  Marine  
  62  5:05  Marauder  
  62  5:06  Barracks  
  65  5:08  Barracks, Marauder  
  67  5:20  Marine  
  67  5:21  SCV x2  
  70  5:33  Marauder, Factory Tech Lab, SCV, Marine  
  74  5:38  Marine  
  74  5:39  Bunker  
  75  5:47  SCV x2  
  77  5:53  Marauder  
  77  5:54  Marine  
  78  5:59  SCV  
  78  6:13  Barracks Reactor, Barracks Tech Lab  
  78  6:19  Supply Depot x3  
  78  6:20  Supply Depot  
  78  6:21  SCV x2  
  78  6:23  Medivac x2  
  78  6:24  Concussive Shells  
  84  6:28  Barracks Reactor  
  84  6:38  Marauder  
  86  6:40  SCV x2  
  86  6:41  Marauder  
  86  6:42  Command Center  
  86  6:45  Engineering Bay  
  90  7:04  Marine  
  90  7:05  Marauder x3, Marine x2  
  84  7:20  Marine  
  84  7:21  Medivac x2  
  84  7:22  Marine x2  
  81  7:26  Marauder  
  81  7:27  Marauder x2  
  80  7:38  Marine x2  
  80  7:40  SCV, Marine  
  83  7:45  SCV  
  83  7:47  Marine  
  83  7:48  Marauder x2  
  89  7:51  Ghost Academy  
  89  7:52  Terran Infantry Weapons Level 1  
  89  7:54  Command Center  
  89  8:04  Liberator x2  
  93  8:06  Engineering Bay  
  93  8:11  Starport  
  93  8:14  Fusion Core, SCV x2  
  93  8:17  Factory Reactor  
  95  8:24  Refinery  
  95  8:27  Marauder x2, Marine x2  
  95  8:31  SCV  
  95  8:32  SCV  
  103  8:37  Terran Infantry Armor Level 1  
  103  8:38  Supply Depot  
  103  8:42  Marine, Marauder  
  103  8:44  SCV x2  
  108  8:50  Marine  
  108  8:51  Marauder x2, Marine  
  114  9:04  Advanced Ballistics  
  114  9:10  Marine  
  114  9:11  Marauder  
  114  9:14  Liberator x2  
  123  9:19  Liberator  
  123  9:21  Medivac  
  127  9:31  Orbital Command  
  127  9:32  SCV x2  
  129  9:38  Marine  
  129  9:39  Marauder x3, Marine  
  129  9:44  Personal Cloaking, SCV  
  138  9:46  SCV  
  138  9:52  Supply Depot  
  139  9:54  Supply Depot  
  139  10:00  Medivac  
  139  10:04  Supply Depot  
  141  10:08  Armory  
  141  10:13  SCV x2, Medivac x2  
  141  10:14  Refinery  
  147  10:18  Supply Depot x2  
  147  10:21  Sensor Tower  
  147  10:25  Marauder, Marine x3  
  156  10:34  Liberator  
  159  10:39  Liberator  
  162  10:46  Marauder  
  164  10:56  Command Center  
  164  10:59  Unknown  
  164  11:00  Unknown  
  164  11:21  Marauder x3, Marine x4  
  174  11:35  Liberator x2  
  174  11:39  Marine  
  181  11:59  Marauder  
  181  12:07  Liberator x2, Marine x2  
  181  12:08  Marauder x2  
  193  12:16  Supply Depot  
  193  12:23  Terran Infantry Weapons Level 2, Terran Infantry Armor Level 2  
  188  12:59  Marine x2  
  188  13:00  Marauder x3, Marine x2  
  183  13:17  Marine x2  
  167  13:21  Marauder x3  
  167  13:25  Marine  
  167  13:26  Marine  
  152  13:35  Marine x2  
  147  13:43  Marauder x3  
  147  13:46  Marine x2  
  147  13:47  Liberator  
  147  13:48  Liberator x3  
  163  13:53  Marine x2  
  168  14:04  Marauder x3  
  174  14:12  Marine x4  
  174  14:13  SCV x2  
  178  14:25  Command Center, Marauder  
  178  14:26  Marauder x2  
  184  14:37  Marine x2  
  184  14:38  Marine x2  
  181  14:39  Medivac x4  
  185  14:47  Marauder x2  
  187  14:53  Marine  
  187  14:55  Marine  
  189  15:04  Marine  
  188  15:09  Medivac  
  183  15:36  Marauder x3, Medivac, Marine x2  
  188  15:56  Marine  
Show
View Real Time Build Order
Export as new Build Order

DojoGamer Protoss - Winner!

Build Orders: 1 Gate Expand, Blink Stalkers, Colossus Rush 

Get SALT Encoding   

  12  0:00  Probe  
  13  0:12  Probe  
  14  0:17  Pylon  
  14  0:24  Probe (Chrono Boost)  
  15  0:36  Probe (Chrono Boost)  
  15  0:39  Gateway  
  16  0:45  Probe (Chrono Boost)  
  16  0:48  Assimilator  
  17  0:52  Probe  
  18  1:04  Probe  
  19  1:16  Probe  
  20  1:29  Cybernetics Core  
  20  1:41  Nexus  
  20  1:43  Pylon  
  20  1:46  Probe  
  21  1:51  Assimilator  
  21  1:58  Probe  
  22  2:03  Stalker (Chrono Boost)  
  22  2:06  Warp Gate  
  24  2:10  Probe  
  24  2:22  Probe  
  24  2:24  Stalker (Chrono Boost)  
  27  2:35  Probe  
  28  2:41  Shield Battery  
  28  2:43  Twilight Council  
  28  2:47  Probe  
  29  2:52  Stalker  
  29  2:55  Probe  
  32  3:00  Probe  
  33  3:08  Probe  
  34  3:13  Blink (Chrono Boost), Probe  
  35  3:20  Probe  
  35  3:25  Probe  
  37  3:32  Probe  
  37  3:33  Pylon  
  38  3:37  Robotics Facility, Probe  
  39  3:44  Probe  
  40  3:49  Probe  
  41  3:56  Probe  
  41  3:57  Gateway x2  
  41  4:01  Probe  
  43  4:08  Stalker  
  45  4:10  Probe  
  45  4:13  Probe  
  45  4:15  Pylon  
  47  4:19  Assimilator  
  47  4:22  Probe  
  49  4:24  Observer (Chrono Boost)  
  49  4:25  Probe  
  49  4:30  Assimilator  
  50  4:33  Robotics Bay  
  50  4:36  Stalker  
  52  4:40  Probe  
  52  4:41  Probe  
  52  4:45  Pylon  
  54  4:47  Pylon  
  54  4:48  Observer  
  55  4:53  Probe x2  
  55  4:56  Observer  
  55  4:59  Charge  
  57  5:04  Stalker x2  
  57  5:05  Probe  
  62  5:14  Stalker  
  62  5:20  Observer  
  64  5:24  Colossus (Chrono Boost)  
  70  5:36  Gateway  
  70  5:37  Gateway  
  70  5:40  Gateway  
  70  5:44  Pylon x2  
  70  5:48  Nexus  
  69  6:04  Zealot x3  
  69  6:07  Colossus (Chrono Boost)  
  69  6:10  Pylon  
  81  6:12  Extended Thermal Lance (Chrono Boost)  
  81  6:19  Probe x2  
  83  6:28  Pylon  
  83  6:32  Sentry x2, Pylon  
  83  6:33  Sentry, Shield Battery  
  83  6:35  Zealot  
  91  6:41  Probe x2  
  91  6:43  Zealot  
  95  6:51  Pylon  
  95  6:52  Pylon  
  95  6:55  Observer  
  96  7:06  Pylon  
  81  7:16  Nexus  
  81  7:20  Colossus  
  87  7:24  Probe x2  
  89  7:32  Stalker  
  89  7:33  Stalker x3  
  97  7:46  Templar Archives, Forge  
  97  7:48  Probe x2 (Chrono Boost)  
  97  7:50  Assimilator  
  99  7:53  Assimilator  
  99  8:00  Probe x2 (Chrono Boost)  
  101  8:07  Probe x2 (Chrono Boost)  
  101  8:10  Zealot x3  
  109  8:18  Pylon  
  109  8:19  Probe x2  
  111  8:23  Pylon  
  111  8:25  Observer, Pylon  
  111  8:28  High Templar x2  
  111  8:32  Archon, Pylon  
  115  8:34  High Templar x2  
  115  8:36  Zealot x2, Protoss Ground Weapons Level 1 (Chrono Boost)  
  115  8:38  Probe  
  115  8:39  Probe x2  
  126  8:41  Archon  
  126  8:48  Observer  
  127  8:50  Probe  
  127  8:51  Probe x2  
  130  8:59  Zealot x2  
  130  9:00  Zealot  
  136  9:03  Probe x3  
  139  9:10  High Templar x2  
  139  9:12  Zealot  
  145  9:17  Probe  
  145  9:18  Probe x2  
  145  9:23  Archon  
  148  9:25  Disruptor  
  148  9:29  Nexus  
  148  9:30  Pylon  
  150  9:39  Forge  
  150  9:40  Probe x2  
  150  9:41  Probe  
  150  9:43  Photon Cannon  
  153  9:46  Zealot  
  153  9:47  Photon Cannon  
  153  9:48  Observer  
  155  9:53  Zealot x4  
  164  10:00  Probe x3  
  164  10:01  Shield Battery  
  164  10:03  Disruptor (Chrono Boost)  
  170  10:11  Protoss Ground Weapons Level 2 (Chrono Boost)  
  170  10:12  Protoss Ground Armor Level 1 (Chrono Boost), Probe  
  170  10:13  Probe x2  
  173  10:16  Pylon  
  173  10:17  Pylon  
  173  10:22  Robotics Facility  
  173  10:29  High Templar x4  
  173  10:35  Disruptor (Chrono Boost)  
  185  10:40  Photon Cannon  
  185  10:42  Assimilator  
  185  10:44  Assimilator  
  185  10:46  Stargate  
  185  10:50  Archon  
  185  10:51  Archon  
  185  10:52  Observer  
  185  10:57  Observer  
  185  11:00  Dark Shrine  
  185  11:01  Disruptor (Chrono Boost)  
  187  11:05  Stalker x2  
  187  11:06  Stalker  
  187  11:08  Stalker  
  194  11:21  Nexus  
  194  11:22  Pylon  
  191  12:00  Zealot x6  
  197  12:22  Photon Cannon  
  197  12:23  Photon Cannon  
  197  12:25  Protoss Ground Armor Level 2 (Chrono Boost), Protoss Ground Weapons Level 3 (Chrono Boost)  
  197  12:29  Fleet Beacon  
  197  12:32  Stalker  
  197  12:36  Stargate  
  199  12:38  Photon Cannon, Stargate  
  199  12:40  Pylon  
  199  12:56  Zealot x4  
  199  12:57  Zealot x2  
  198  13:01  Gateway  
  198  13:02  Gateway  
  198  13:04  Gateway  
  184  13:06  Gateway  
  184  13:12  Gateway  
  172  13:14  Gateway  
  167  13:20  Zealot x5  
  167  13:21  Zealot  
  155  13:51  Zealot x6  
  162  14:02  Gateway  
  162  14:04  Gateway  
  162  14:06  Pylon  
  162  14:08  Photon Cannon  
  160  14:11  Zealot x8  
  160  14:12  Zealot x4  
  182  14:21  Assimilator  
  179  14:36  Stalker x2  
  179  14:37  Stalker x5  
  188  14:45  Tempest x2  
  198  15:03  Probe x4  
  188  15:16  Stalker x4  
  192  15:25  Photon Cannon  
  192  15:27  Dark Templar x2, Photon Cannon  
  192  15:28  Dark Templar x4  
  196  15:29  Dark Templar x2, Photon Cannon  
  196  15:31  Shield Battery  
  196  15:33  Pylon  
  200  15:55  Dark Templar x3  
  193  16:06  Dark Templar x6  
  193  16:07  Dark Templar x3  
  193  16:09  Dark Templar x2  
  198  16:13  Dark Templar  
Tags
 
Add a new tag
Caveats
  • Supply blocks, unpowered buildings, or Contaminate may cause inaccurate times.
  • Supply counts are checked every 10 seconds.